 Dungeon Crawl Stone Soup version 0.31-b1-17-gcfd88c8481 (webtiles) character file.

Game seed: 11211022380309100169

81 monsoonserge the Covered (level 4, -5/38 HPs)
             Began as an Armataur Fighter on Jan 16, 2024.
             Killed from afar by a hobgoblin (11 damage)
             ... with a bolt of dispelling energy
             ... on level 3 of the Dungeon.
             The game lasted 00:05:45 (1845 turns).

monsoonserge the Covered (Armataur Fighter)         Turns: 1845, Time: 00:05:45

Health: -5/38      AC:  7    Str: 23    XL:     4   Next: 19%
Magic:  13/13      EV:  6    Int:  9    God:
Gold:   24         SH:  8    Dex:  9    Spells: 3/3 levels left

rFire   . . .        a - +0 flail
rCold   . . .        p - +0 kite shield
rNeg    . . .        b - +0 scale mail
rPois   .            (no helmet)
rElec   .            (no cloak)
rCorr   .            (no gloves)
SInv    .            (no barding)
Will    .....        (no amulet) Stlth
                     f - ring of magical power
HPRegen 0.26/turn    (no ring)
MPRegen 0.13/turn

%: roll
@: mighty
A: large, deformed body, tough skin 3, armoured tail, roll 1
a: no special abilities


You were on level 3 of the Dungeon.
You visited 1 branch of the dungeon, and saw 3 of its levels.

You collected 71 gold pieces.
You spent 47 gold pieces at shops.

Inventory:

Hand Weapons
 a - a +0 flail (weapon)
Missiles
 e - 5 boomerangs (quivered)
Armour
 b - a +0 scale mail (worn)
 c - a +0 buckler
 p - a +0 kite shield (worn)
 q - a +0 plate armour
Jewellery
 f - a ring of magical power (left hand)
 j - a ring of wizardry
Scrolls
 g - 2 scrolls of vulnerability {unknown}
 h - 2 scrolls of teleportation {unknown}
 i - a scroll of fog {unknown}
 l - 2 scrolls of identify {unknown}
 n - 4 scrolls of fear {unknown}
 o - a scroll of immolation {unknown}
 s - a scroll of blinking {unknown}
Potions
 k - a potion of mutation {unknown}
 m - a potion of experience {unknown}
 r - a potion of ambrosia {unknown}


   Skills:
 + Level 3.2 Fighting
 + Level 2.9 Maces & Flails
 + Level 4.1 Armour
 + Level 0.2 Dodging
 * Level 3.6 Shields


You had 3 spell levels left.
You didn't know any spells.
Your spell library contained the following spells:

 Spells                   Type           Power      Damage    Failure   Level
 Shock                    Conj/Air       0%         1d3       91%         1
 Swiftness                Air            0%         N/A       100%        3
 Airstrike                Air            0%         2d(0-16)  100%        4


Dungeon Overview and Level Annotations

Branches:
Dungeon (3/15)

Altars:

Shops:
D:3 *


Innate Abilities, Weirdness & Mutations

Armour fits poorly on your strangely shaped body.
You have extremely tough skin. (AC +3)
You have a long armoured tail.
You regenerate magic when rolling toward enemies. (Rampage MPRegen)


Message History

There are no items here.
The ball python hisses angrily.
You roll towards the ball python!
You hit the ball python but do no damage.
The ball python bites you.
You barely miss the ball python. You block the ball python's attack.
A hobgoblin comes into view.
It is wielding a +0 sling and carrying a wand of quicksilver.
The ball python bites you but does no damage.
You barely miss the ball python.
The hobgoblin shouts!
The ball python barely misses you.
The ball python bites you but does no damage.
You hit the ball python.
The ball python is severely wounded.
You block the ball python's attack.
You closely miss the ball python.
The ball python is severely wounded.
The ball python bites you. x2; The hobgoblin zaps a wand.
The bolt of dispelling energy hits you!!
A quokka comes into view.
You closely miss the ball python.
The ball python is severely wounded.
The ball python barely misses you.
The hobgoblin zaps a wand.
The bolt of dispelling energy hits you!
* * * LOW HITPOINT WARNING * * *
You barely miss the ball python.
The ball python is severely wounded.
You block the ball python's attack. x2
You feel very mighty all of a sudden. The ball python barely misses you.
You barely miss the hobgoblin. You tail-slap the hobgoblin.
The hobgoblin is moderately wounded.
The ball python bites you but does no damage.
The hobgoblin unwields a +0 sling.
The hobgoblin wields a +0 war axe.
The hobgoblin hits you with a +0 war axe.
* * * LOW HITPOINT WARNING * * *
The ball python bites you but does no damage.
The hobgoblin zaps a wand.
The bolt of dispelling energy hits you!
Your magical effects are unravelling.
You die...

....[...................
######.################
#.#'#.......#
#.'∩'†#####.# # #.#'###
#.## #...# #....#.###
#...##### ##.rg@S.#
##.###..# #.# ..... #.#
##..## ..# #.# ### .# #


You could see a quokka, a hobgoblin and a ball python.

Vanquished Creatures
  2 adders
  A ribbon worm (D:3)
  2 dart slugs (D:1)
  3 bats
  4 endoplasms
  A giant cockroach (D:1)
  9 goblins
  7 hobgoblins
  2 jackals (D:2)
  4 kobolds
  2 quokkas
  7 ball pythons
  2 frilled lizards (D:1)
  4 rats
50 creatures vanquished.

Notes
Turn   | Place    | Note
-------+----------+-------------------------------------------
     0 | D:1      | monsoonserge the Armataur Fighter began the quest for the
                  | Orb.
     0 | D:1      | Reached XP level 1. HP: 18/18 MP: 1/1
   250 | D:1      | Reached XP level 2. HP: 21/25 MP: 2/2
   575 | D:1      | Reached XP level 3. HP: 31/31 MP: 3/3
   944 | D:2      | Reached skill level 4 in Armour
  1378 | D:3      | Reached XP level 4. HP: 37/38 MP: 4/4
  1810 | D:3      | Found Saecit's Assorted Antiques.
  1814 | D:3      | Bought a viscous black potion for 22 gold pieces
  1814 | D:3      | Bought a scroll labelled FATSAJO XUOQO for 25 gold pieces
  1845 | D:3      | Killed from afar by a hobgoblin

Illustrated notes

Levels and vault maps discovered:
D:1:      dpeg_arrival_round_b, layout_loops_ring, st_stairs_13,
          hangedman_abyss_or_decor_lesser_grid
D:2:      layout_basic
D:3:      layout_basic, serial_shops, nicolae_shop_behind_doors

Skill      XL: |  1  2  3 |
---------------+----------+-----
Maces & Flails | 2 |  2.9
Fighting       | 3 |  3.2
Armour         | 4 |  4.1
Dodging        | |  0.2
Shields        | |  3.6

Action                     |  1- 3 |  4- 6 || total
---------------------------+-------+-------++-------
  Melee: Flail             |   117 |    14 ||   131
         Tailslap          |     6 |     3 ||     9
    Use: Potion            |       |     1 ||     1
 Armour: Scale mail        |    86 |    12 ||    98
  Dodge: Dodged            |    39 |     6 ||    45
  Block: Buckler           |    18 |       ||    18
         Kite shield       |       |    10 ||    10
